 Dungeon Crawl Stone Soup version 0.17-a0-1927-g319369b (webtiles) character file.

23 Ordine the Digger (level 2, -1/15 HPs)
             Began as a Gargoyle Earth Elementalist on Sept 29, 2015.
             Slain by an adder (2 damage)
             ... on level 2 of the Dungeon.
             The game lasted 00:05:02 (1146 turns).

Ordine the Digger (Gargoyle Earth Elementalist)     Turns: 1146, Time: 00:05:02

Health: -1/15      AC:  7    Str: 11    XL:     2   Next: 95%
Magic:  0/5        EV: 12    Int: 15    God:
Gold:   92         SH:  0    Dex: 10    Spells: 2 memorised, 3 levels left

rFire  . . .     SeeInvis .     e - +0 club
rCold  . . .     Clarity  .     b - +0 robe
rNeg   + . .     SustAt   .     (no shield)
rPois  ∞         Gourm    .     (no helmet)
rElec  +         Spirit   .     (no cloak)
rCorr  .         Warding  .     f - +2 pair of gloves
rMut   .         Stasis   .     (no boots)
MR     .....                    (no amulet)
Stlth  ++........               (no ring)
                                (no ring)

@: very slightly contaminated, not resistant to hostile enchantments, unstealthy
A: negative energy resistance 1, electricity resistance, unbreathing,
petrification resistance, rot immunity, AC +2
a: no special abilities


You were on level 2 of the Dungeon.
You were not hungry.

You visited 1 branch of the dungeon, and saw 2 of its levels.

You collected 92 gold pieces.

Inventory:

Hand weapons
 e - a +0 club (weapon)
Missiles
 a - 76 stones (quivered)
Armour
 b - a +0 robe (worn)
 f - a +2 pair of gloves (worn)
Scrolls
 g - 2 scrolls of identify
Books
 c - a book of Geomancy

   Spells                             Type                      Level
   a - Sandblast                      Earth                        1
   b - Stoneskin                      Transmutation/Earth          2
   c - Passwall                       Transmutation/Earth          3
   d - Stone Arrow                    Conjuration/Earth            3
   e - Petrify                        Transmutation/Earth          4
   f - Lee's Rapid Deconstruction     Earth                        5
Comestibles
 d - a bread ration
 h - 3 chunks of flesh
 i - 3 fruits


   Skills:
 - Level 1.5 Dodging
 - Level 2.1 Stealth
 * Level 2.9 Spellcasting
 - Level 0.7 Transmutations
 + Level 4.0 Earth Magic


You had 3 spell levels left.
You knew the following spells:

 Your Spells              Type           Power        Failure   Level  Hunger
a - Sandblast             Erth           ##....       4%          1    #......
b - Stoneskin             Trmt/Erth      #.......     12%         2    ##.....


Dungeon Overview and Level Annotations

Branches:
Dungeon (2/15)

Altars:


Innate Abilities, Weirdness & Mutations

You are resistant to torment.
Your stone body is resilient (AC +2).
You are immune to poison.
You resist negative energy.
You are resistant to electric shocks.
You can survive without breathing.
You are immune to petrification.
You are immune to rotting.


Message History

Press: ? - help, Shift-Dir - straight line, f/p - adder
Aim: an adder The blast of sand hits the adder.
The adder closely misses you. The adder bites you.
Casting: Sandblast
Confirm with . or Enter, or press ? or * to list all spells.
Aiming: Sandblast
Press: ? - help, Shift-Dir - straight line, f/p - adder
Aim: an adder You miscast Sandblast.
You feel earthy. The adder misses you.
You hit the adder.
The adder is lightly wounded.
The adder bites you.
* * * LOW HITPOINT WARNING * * *
The adder bites you.
* * * LOW HITPOINT WARNING * * *
You are too injured to fight recklessly!
You see here 9 gold pieces.
The adder bites you.
You die...

.# ##.####.# #.# #
.#####.....#.# #.########
.........#.#.# #.#.....[.
######.....#.#
#########.#.######
##.#.##.# #..<......#.#
#....#.###.#########.#
#..........# #.#
........#.#############.#
.#####.##.#.S@..........#
#.##.#$##################
#.##.#.# ...... #.##.#.#
###### #. #.#.# #.#.#
#.#.# #.#?# #.#


You could see an adder.

Vanquished Creatures
  2 worms (D:2)
  3 goblins (D:1)
  A hobgoblin (D:1)
  2 kobolds (D:2)
  4 bats
  A giant cockroach (D:1)
  2 giant newts (D:1)
  4 rats
19 creatures vanquished.

Notes
Turn   | Place    | Note
--------------------------------------------------------------
     0 | D:1      | Ordine the Gargoyle Earth Elementalist began the quest for the Orb.
     0 | D:1      | Reached XP level 1. HP: 10/10 MP: 3/3
   255 | D:1      | Reached XP level 2. HP: 13/15 MP: 1/5
   262 | D:1      | Learned a level 2 spell: Stoneskin
  1067 | D:2      | Reached skill level 4 in Earth Magic
  1146 | D:2      | Slain by an adder

Vault maps used:
D:1:      onia_arrival_pentagram
D:2:      minmay_statues_item, kennysheep_jessica_study

Action                   || total
-------------------------++-------
Melee: Unarmed           ||    12
       Club              ||    22
 Cast: Sandblast         ||    40
  Use: Scroll            ||     4
 Stab: Sleeping          ||     1
  Eat: Chunk             ||     1
